Map: Vallée des cactus EC

Players

AgCl - Winner!

  • Race: Protoss Protoss

pcmcia

  • Race: Zerg Zerg

VOD

Have the link to the VOD?

Description

Time

  • Played on: May 10, 2015, 3:13 a.m.
  • Length: 21:48
Show
View Real Time Build Order
Export as new Build Order

AgCl Protoss - Winner!

Build Orders: Oracle Opening 

Get SALT Encoding   

  12  0:01  Probe  
  14  0:18  Probe  
  14  0:22  Pylon  
  14  0:40  Probe  
  14  0:41  Assimilator  
  15  0:46  Gateway  
  15  0:52  Probe (Chrono Boost)  
  16  1:03  Probe (Chrono Boost)  
  17  1:09  Probe (Chrono Boost)  
  18  1:21  Probe (Chrono Boost)  
  19  1:27  Probe (Chrono Boost)  
  20  1:36  Zealot  
  22  1:42  Cybernetics Core  
  22  1:58  Nexus  
  22  2:09  Pylon  
  22  2:27  Assimilator  
  22  2:29  Probe (Chrono Boost)  
  23  2:35  Probe (Chrono Boost)  
  24  2:45  Warp Gate (Chrono Boost)  
  24  2:46  Probe (Chrono Boost)  
  24  2:49  Pylon x2  
  22  2:59  Mothership Core (Chrono Boost)  
  24  3:09  Zealot  
  24  3:12  Probe (Chrono Boost)  
  27  3:13  Probe (Chrono Boost)  
  27  3:16  Stargate  
  28  3:25  Probe (Chrono Boost)  
  30  3:29  Probe (Chrono Boost)  
  30  3:33  Probe (Chrono Boost)  
  31  3:36  Probe (Chrono Boost)  
  32  3:42  Probe  
  32  3:47  Probe (Chrono Boost)  
  34  3:59  Probe (Chrono Boost)  
  34  4:01  Oracle (Chrono Boost)  
  34  4:02  Probe (Chrono Boost)  
  39  4:08  Probe (Chrono Boost)  
  41  4:12  Probe (Chrono Boost)  
  41  4:17  Probe (Chrono Boost)  
  42  4:23  Nexus  
  43  4:25  Gateway  
  43  4:26  Probe x2 (Chrono Boost)  
  44  4:31  Gateway  
  44  4:35  Probe x2 (Chrono Boost)  
  48  4:47  Probe (Chrono Boost)  
  48  4:50  Probe (Chrono Boost)  
  48  4:54  Probe (Chrono Boost)  
  48  4:57  Probe  
  50  5:02  Pylon  
  50  5:04  Probe  
  50  5:06  Assimilator  
  51  5:07  Phoenix  
  51  5:09  Probe, Assimilator  
  51  5:11  Pylon  
  54  5:15  Fleet Beacon  
  54  5:17  Stargate  
  54  5:19  Pylon  
  54  5:21  Probe  
  55  5:22  Probe  
  58  5:36  Probe (Chrono Boost)  
  58  5:39  Probe (Chrono Boost)  
  58  5:40  Probe (Chrono Boost), Carrier (Chrono Boost)  
  58  5:41  Carrier (Chrono Boost)  
  59  5:48  Probe (Chrono Boost)  
  61  5:50  Probe (Chrono Boost)  
  61  5:53  Probe  
  75  6:12  Probe (Chrono Boost)  
  75  6:14  Probe (Chrono Boost)  
  75  6:20  Pylon  
  75  6:25  Probe x3 (Chrono Boost)  
  77  6:35  Probe x2 (Chrono Boost)  
  77  6:37  Probe (Chrono Boost)  
  77  6:38  Carrier (Chrono Boost)  
  80  6:41  Probe (Chrono Boost)  
  80  6:42  Probe  
  80  6:43  Graviton Catapult (Chrono Boost)  
  80  6:45  Probe  
  80  6:46  Protoss Air Weapons Level 1 (Chrono Boost)  
  83  6:53  Probe  
  84  6:54  Probe  
  84  6:57  Zealot, Carrier (Chrono Boost)  
  93  7:10  Assimilator x2  
  93  7:13  Pylon x2  
  99  7:19  Forge  
  99  7:22  Cybernetics Core  
  99  7:23  Pylon  
  99  7:26  Gateway  
  99  7:31  Gateway  
  99  7:32  Gateway  
  99  7:33  Gateway  
  83  7:49  Phoenix (Chrono Boost)  
  83  7:50  Carrier (Chrono Boost)  
  85  7:59  Zealot  
  85  8:00  Zealot x2  
  90  8:07  Phoenix  
  71  8:17  Probe x2 (Chrono Boost)  
  67  8:24  Probe (Chrono Boost)  
  69  8:29  Probe x2 (Chrono Boost), Photon Cannon  
  69  8:31  Pylon  
  70  8:36  Probe (Chrono Boost)  
  70  8:41  Protoss Air Weapons Level 2 (Chrono Boost)  
  71  8:57  Probe (Chrono Boost)  
  71  9:09  Probe (Chrono Boost)  
  74  9:13  Probe (Chrono Boost)  
  74  9:14  Probe (Chrono Boost)  
  75  9:18  Probe (Chrono Boost)  
  75  9:21  Probe (Chrono Boost)  
  76  9:25  Probe  
  76  9:28  Probe  
  75  9:34  Probe (Chrono Boost)  
  75  9:37  Adept  
  78  9:47  Twilight Council  
  78  9:49  Probe (Chrono Boost)  
  79  9:53  Pylon  
  79  9:56  Probe (Chrono Boost)  
  79  9:57  Probe (Chrono Boost)  
  79  10:03  Protoss Ground Weapons Level 1 (Chrono Boost)  
  79  10:07  Probe  
  80  10:18  Pylon  
  80  10:19  Probe (Chrono Boost)  
  81  10:23  Probe (Chrono Boost)  
  81  10:27  Probe (Chrono Boost)  
  85  10:36  Probe (Chrono Boost)  
  85  10:37  Photon Cannon  
  85  10:40  Photon Cannon  
  85  10:41  Photon Cannon  
  84  10:44  Gateway  
  84  10:49  Gateway  
  84  10:52  Probe (Chrono Boost)  
  86  10:58  Probe (Chrono Boost)  
  86  10:59  Probe (Chrono Boost)  
  88  11:04  Probe (Chrono Boost)  
  88  11:10  Probe (Chrono Boost)  
  89  11:12  Carrier (Chrono Boost)  
  81  11:33  Protoss Air Weapons Level 3 (Chrono Boost)  
  87  11:43  Void Ray (Chrono Boost)  
  87  11:45  Protoss Air Armor Level 1 (Chrono Boost)  
  91  11:50  Probe  
  92  11:54  Photon Cannon  
  92  11:56  Probe  
  92  11:57  Pylon  
  94  12:06  Dark Shrine  
  93  12:16  Nexus  
  93  12:20  Probe x2  
  93  12:22  Probe  
  96  12:34  Templar Archives  
  96  12:37  Charge (Chrono Boost)  
  96  12:46  Pylon  
  96  12:50  Protoss Ground Weapons Level 2 (Chrono Boost)  
  96  12:53  Void Ray (Chrono Boost)  
  96  12:56  Psionic Storm  
  100  13:00  Probe  
  100  13:04  Assimilator  
  101  13:14  Probe  
  101  13:15  Probe  
  103  13:20  Dark Templar  
  103  13:23  Dark Templar  
  107  13:30  Dark Templar  
  107  13:32  Probe (Chrono Boost)  
  111  13:35  Probe (Chrono Boost)  
  111  13:37  Probe (Chrono Boost)  
  111  13:40  Probe (Chrono Boost)  
  114  13:44  Probe (Chrono Boost)  
  114  13:49  Photon Cannon  
  114  13:51  Protoss Air Armor Level 2 (Chrono Boost)  
  114  13:55  Probe (Chrono Boost), Assimilator  
  117  13:56  Probe x2 (Chrono Boost)  
  117  14:01  Probe (Chrono Boost)  
  118  14:05  Probe (Chrono Boost)  
  118  14:06  Probe (Chrono Boost)  
  118  14:07  Probe (Chrono Boost)  
  118  14:08  Probe (Chrono Boost)  
  122  14:15  Probe  
  121  14:34  Dark Templar  
  121  14:35  Dark Templar x4  
  121  14:36  Dark Templar x2, Carrier (Chrono Boost)  
  133  14:39  Protoss Ground Weapons Level 3  
  130  14:47  Probe x2 (Chrono Boost)  
  130  14:48  Probe (Chrono Boost)  
  130  14:49  Probe (Chrono Boost)  
  131  14:54  Probe x3 (Chrono Boost)  
  131  14:55  Probe  
  141  15:05  Probe  
  142  15:21  Pylon  
  142  15:22  Pylon  
  142  15:23  Gateway x2  
  142  15:44  Void Ray (Chrono Boost)  
  146  15:52  High Templar x3  
  146  15:54  Nexus, Void Ray (Chrono Boost)  
  146  15:56  Pylon  
  156  16:03  Photon Cannon  
  156  16:04  Photon Cannon  
  156  16:09  Gateway  
  156  16:12  Gateway  
  156  16:13  Pylon  
  156  16:17  Carrier (Chrono Boost)  
  156  16:18  Photon Cannon  
  156  16:28  Robotics Facility  
  156  16:29  Stargate  
  156  16:30  Pylon  
  156  16:35  Protoss Air Armor Level 3 (Chrono Boost)  
  156  16:38  Void Ray (Chrono Boost)  
  166  17:00  Zealot  
  168  17:04  Protoss Shields Level 1, Assimilator  
  168  17:05  Assimilator  
  168  17:06  Pylon  
  168  17:09  Pylon  
  168  17:19  High Templar x2  
  170  17:23  High Templar  
  170  17:25  Archon x2  
  170  17:26  Archon x2  
  172  17:32  Void Ray (Chrono Boost)  
  172  17:33  Carrier (Chrono Boost)  
  182  18:01  Observer (Chrono Boost)  
  183  18:12  Photon Cannon  
  183  18:13  Photon Cannon  
  183  18:14  Photon Cannon  
  183  18:16  Gateway x2, Observer (Chrono Boost)  
  184  18:22  Carrier x2 (Chrono Boost)  
  184  18:24  Gateway  
  184  18:26  Photon Cannon  
  184  18:30  Pylon  
  184  18:33  Pylon  
  184  18:36  Warp Prism  
  198  19:27  Nexus  
  198  19:30  Pylon x2, Assimilator  
  198  19:31  Pylon  
  198  19:32  Protoss Shields Level 2 (Chrono Boost)  
  198  19:33  Assimilator  
  198  19:34  Pylon  
  198  19:35  Anion Pulse-Crystals  
  196  19:41  Robotics Bay  
  194  19:50  Zealot x3  
  194  19:51  Zealot  
  194  20:01  Zealot  
  194  20:02  Zealot x2  
  194  20:19  Dark Templar, Zealot  
  198  20:21  Zealot  
  194  20:50  Observer Gravitic Boosters (Chrono Boost)  
Show
View Real Time Build Order
Export as new Build Order

pcmcia Zerg 

Build Orders: Hatch First 

Get SALT Encoding   

  12  0:01  Drone  
  13  0:13  Overlord  
  13  0:18  Drone  
  14  0:32  Drone x2  
  16  0:38  Drone  
  17  0:47  Drone  
  18  1:02  Drone  
  19  1:07  Hatchery  
  18  1:14  Spawning Pool  
  18  1:16  Drone  
  19  1:25  Drone  
  19  1:28  Extractor  
  19  1:30  Overlord  
  18  1:44  Drone  
  19  1:58  Drone  
  20  2:03  Zergling x2, Queen  
  23  2:19  Queen  
  25  2:25  Zergling x4  
  27  2:30  Drone x2  
  27  2:51  Zergling x6  
  27  2:53  Zergling x2  
  30  3:01  Metabolic Boost  
  30  3:03  Drone x2  
  32  3:05  Overlord  
  32  3:22  Spine Crawler  
  31  3:29  Drone x2  
  33  3:34  Lair, Roach Warren  
  33  3:36  Drone x3  
  33  3:38  Extractor  
  33  3:52  Spore Crawler  
  33  3:55  Spore Crawler  
  30  4:00  Drone x4  
  34  4:08  Drone x2  
  36  4:12  Drone  
  36  4:13  Drone  
  38  4:23  Spore Crawler  
  37  4:24  Overlord  
  37  4:26  Drone  
  38  4:32  Drone x2  
  38  4:33  Drone  
  41  4:46  Drone, Spire  
  41  4:47  Drone  
  42  4:57  Spore Crawler  
  41  5:09  Drone x3  
  41  5:10  Extractor  
  41  5:12  Extractor  
  42  5:20  Overlord x2  
  42  5:21  Hydralisk Den  
  41  5:31  Drone x3  
  41  5:32  Overlord  
  44  5:48  Queen  
  44  5:49  Drone x2  
  49  5:50  Drone x2  
  50  6:05  Mutalisk x4  
  50  6:06  Mutalisk x2  
  61  6:31  Mutalisk x3  
  67  6:46  Zergling x4  
  67  6:47  Zergling x10  
  74  7:07  Hatchery  
  73  7:16  Drone x2, Overlord x3  
  75  7:22  Evolution Chamber  
  75  7:24  Evolution Chamber  
  70  7:40  Mutalisk x7  
  82  8:04  Mutalisk x3  
  85  8:14  Corruptor  
  78  8:33  Drone x5  
  78  8:34  Drone  
  84  8:40  Queen  
  86  8:48  Extractor  
  86  8:52  Extractor  
  86  8:53  Corruptor  
  86  8:54  Corruptor x2  
  90  9:40  Spore Crawler  
  90  9:41  Spore Crawler  
  90  9:43  Drone x7  
  90  9:44  Drone x2, Overlord x2  
  97  10:08  Spine Crawler  
  96  10:14  Hatchery  
  96  10:19  Corruptor, Zergling x4  
  96  10:20  Corruptor  
  101  10:24  Zerg Flyer Weapons Level 1  
  101  10:33  Zerg Melee Weapons Level 1  
  101  10:44  Infestation Pit  
  100  10:59  Zerg Ground Armor Level 1  
  100  11:01  Spire  
  99  11:14  Corruptor x2  
  99  11:15  Corruptor x2  
  66  11:31  Corruptor x3  
  68  12:09  Hive  
  68  12:12  Hatchery  
  68  12:14  Drone x4  
  68  12:15  Drone  
  72  12:20  Zerg Flyer Armor Level 1  
  72  12:21  Zerg Flyer Weapons Level 2  
  72  12:45  Hatchery, Corruptor x3  
  77  13:08  Drone x4  
  77  13:09  Drone  
  82  13:18  Corruptor  
  82  13:19  Corruptor x4  
  92  13:28  Zerg Melee Weapons Level 2  
  92  13:29  Zerg Ground Armor Level 2  
  92  13:30  Zergling x2  
  93  13:40  Overseer  
  93  13:41  Overseer  
  93  13:49  Zergling x4  
  93  13:50  Zergling x4  
  97  14:04  Zergling x2  
  97  14:08  Roach Warren  
  93  14:19  Zergling x6  
  93  14:20  Zergling x12  
  93  14:21  Zergling x4  
  102  14:47  Drone x2  
  102  14:48  Drone  
  102  14:49  Corruptor  
  102  14:50  Corruptor x3  
  115  14:53  Greater Spire  
  115  14:55  Zerg Flyer Armor Level 2  
  111  15:20  Roach  
  113  15:21  Overlord x4  
  113  15:22  Overlord  
  113  15:37  Adrenal Glands  
  113  15:44  Hatchery  
  113  15:49  Zerg Melee Weapons Level 3  
  112  15:50  Zerg Ground Armor Level 3  
  112  15:56  Roach x4  
  120  16:07  Zerg Flyer Weapons Level 3  
  120  16:10  Brood Lord x3  
  120  16:11  Brood Lord x3  
  132  16:36  Extractor  
  132  16:39  Extractor  
  130  16:52  Ravager  
  131  17:06  Drone x5  
  131  17:07  Drone x2  
  136  18:08  Hatchery, Corruptor x2  
  136  18:09  Corruptor x5  
  136  18:10  Overlord x4  
  136  18:11  Overlord  
  149  18:15  Zergling x8  
  149  18:16  Zergling x2  
  154  18:21  Overseer  
  154  18:22  Overseer  
  154  18:30  Zerg Missile Weapons Level 1  
  153  19:17  Hatchery  
  153  19:23  Zergling x2  
  154  19:24  Overlord x3, Zergling x20  
  163  19:33  Ravager  
  163  19:34  Ravager x3  
  167  20:27  Spore Crawler x2  
  167  20:28  Spore Crawler  
  164  20:29  Spine Crawler  
  164  20:31  Spine Crawler  
  164  20:32  Spine Crawler  
  154  21:02  Corruptor x6  
  154  21:03  Corruptor x3  
Tags
 
Add a new tag
Caveats
  • Supply blocks, unpowered buildings, or Contaminate may cause inaccurate times.
  • Supply counts are checked every 10 seconds.